 Dungeon Crawl Stone Soup version 0.22.0-6-g71bd7aa (webtiles) character file.

26 Lauz the Charmwright (level 2, -3/24 HPs)
             Began as a Draconian Skald on Aug 15, 2018.
             Slain by Terence
             ... wielding a +0 short sword
              (6 damage)
             ... on level 2 of the Dungeon.
             The game lasted 00:07:19 (1163 turns).

Lauz the Charmwright (Draconian Skald)              Turns: 1163, Time: 00:07:19

Health: -3/24      AC:  4    Str: 13    XL:     2   Next: 89%
Magic:  1/5        EV: 12    Int: 13    God:
Gold:   101        SH:  0    Dex: 10    Spells: 2/5 levels left

rFire    . . .     SeeInvis .   a - +0 falchion
rCold    . . .     Gourm    .   (no shield)
rNeg     . . .     Faith    .   (armour unavailable)
rPois    .         Spirit   .   (helmet restricted)
rElec    .         Reflect  .   (no cloak)
rCorr    .         Harm     .   (no gloves)
MR       .....                  (no boots)
Stlth    +.........             (no amulet)
HPRegen  0.08/turn              (no ring)
MPRegen  0.09/turn              (no ring)

@: no status effects
A: unfitting armour, cold-blooded, AC +4
a: no special abilities


You were on level 2 of the Dungeon.
You were not hungry.

You visited 1 branch of the dungeon, and saw 2 of its levels.

You collected 101 gold pieces.

Inventory:

Hand Weapons
 a - a +0 falchion (weapon)
Scrolls
 f - 3 scrolls of teleportation {unknown}
 g - a scroll of identify {unknown}
Potions
 b - a potion of brilliance {unknown}
 d - 2 potions of degeneration {unknown}
 e - 3 potions of magic {unknown}
 h - 2 potions of mutation {unknown}
 i - a potion of curing {unknown}
 j - a potion of lignification {unknown}
Comestibles
 c - 3 rations


   Skills:
 - Level 2.2 Fighting
 * Level 2.4 Long Blades
 + Level 2.3 Dodging
 + Level 0.1 Stealth
 + Level 2.3 Spellcasting
 + Level 3.1 Charms


You had 2 spell levels left.
You knew the following spells:

 Your Spells              Type           Power        Failure   Level  Hunger
a - Infusion              Chrm           #...         7%          1    #......
b - Shroud of Golubria    Chrm/Tloc      #.........   21%         2    ###....

Your spell library contained the following spells:

 Spells                   Type           Power        Failure   Level  Hunger
 Throw Frost              Conj/Ice       #.....       36%         2    ###....
 Freeze                   Ice            #...         26%         1    #......
 Summon Ice Beast         Ice/Summ       #.......     94%         4    #####..
 Ozocubu's Armour         Chrm/Ice       #.......     36%         3    ###....
 Regeneration             Chrm/Necr      #.........   36%         3    ###....
 Throw Icicle             Conj/Ice       #.......     94%         4    #####..
 Song of Slaying          Chrm           #.......     11%         2    ###....
 Spectral Weapon          Hex/Chrm       #.......     36%         3    ###....


Dungeon Overview and Level Annotations

Branches:
Dungeon (2/15)

Altars:

Annotations:
D:2 Terence


Innate Abilities, Weirdness & Mutations

Your plain brown scales are hard. (AC +4)
You cannot fit into any form of body armour.
You are cold-blooded and may be slowed by cold attacks.


Message History

Terence closely misses you.
You riposte.
You hit Terence.
Terence is heavily wounded.
You hit Terence.
Terence is severely wounded.
Your shroud begins to fray at the edges.
Terence closely misses you.
You hit Terence but do no damage.
Terence is severely wounded.
Your shroud bends Terence's attack away.
You hit Terence but do no damage.
Terence is severely wounded.
Terence hits you but does no damage.
You hit Terence but do no damage.
Terence is severely wounded.
Terence closely misses you.
You hit Terence.
Terence is almost dead.
Your shroud bends Terence's attack away.
Terence hits you with a short sword.
You die...

#### #### ..## #.$ #...
... # #..# #<#
.###.##..# #@#
..........#
#######@##...........<..
#................#.##..#
#. #.##.#####..... #
#..# ##.##.##.# ....
#..# ...#.##.# (.. #..#
#..#.##.# .# ...#
##..#.##.# . .....
####...#.##.# .###.
.......#.##.#


You could see Terence.

Vanquished Creatures
  A dart slug (D:1)
  A leopard gecko (D:1)
  A giant cockroach (D:1)
  A goblin (D:2)
  2 hobgoblins
  2 quokkas (D:2)
  5 bats
  5 frilled lizards
  3 kobolds
  4 rats
25 creatures vanquished.

Notes
Turn   | Place    | Note
-------+----------+-------------------------------------------
     0 | D:1      | Lauz the Draconian Skald began the quest for the Orb.
     0 | D:1      | Reached XP level 1. HP: 17/17 MP: 3/3
   180 | D:1      | Reached skill level 3 in Charms
   180 | D:1      | Reached XP level 2. HP: 24/24 MP: 0/5
   845 | D:2      | Learned a level 2 spell: Shroud of Golubria
  1142 | D:2      | Noticed Terence
  1163 | D:2      | Slain by Terence

Skill      XL: |  1 |
---------------+----+-----
Charms         | 3 |  3.1
Fighting       | |  2.2
Long Blades    | |  2.4
Dodging        | |  2.3
Stealth        | |  0.1
Spellcasting   | |  2.3

Action                   || total
-------------------------++-------
Melee: Falchion          ||    62
       Tailslap          ||     8
 Cast: Infusion          ||    13
       Shroud of Golubri ||     3
  Eat: Chunk             ||     1
Armor: Skin              ||    14
Dodge: Dodged            ||    40
       Rpst.: Falchion   ||    13
